 Dungeon Crawl Stone Soup version 0.20-a0-957-g47ad1fd (webtiles) character file.

161 nikopol the Skirmisher (level 5, -2/49 HPs)
             Began as a Gargoyle Berserker on Apr 5, 2017.
             Was a Believer of Trog.
             Slain by Sigmund
             ... wielding a +0 scythe
              (7 damage)
             ... on level 3 of the Dungeon.
             The game lasted 00:04:16 (2663 turns).

nikopol the Skirmisher (Gargoyle Berserker)         Turns: 2663, Time: 00:04:17

Health: -2/49      AC:  9    Str: 26    XL:     5   Next: 42%
Magic:  5/5        EV: 12    Int:  7    God:    Trog [**....]
Gold:   126        SH:  0    Dex: 12    Spells: 4/4 levels left

rFire    . . .     SeeInvis .   a - +0 hand axe
rCold    + + .     Gourm    .   (no shield)
rNeg     + . .     Faith    .   f - +0 ring mail
rPois    ∞         Spirit   .   (no helmet)
rElec    +         Reflect  .   l - scarf {rC+ rF+}
rCorr    .         Harm     .   (no gloves)
MR       .....                  (no boots)
Stlth    ..........             (no amulet)
Regen    0.2/turn               d - +2 ring of dexterity
MPRegen  0.1/turn               u - ring of ice

@: berserking, very quick
A: negative energy resistance 1, electricity resistance, unbreathing,
petrification resistance, rot immunity, AC +4
a: Berserk, Trog's Hand, Burn Spellbooks, Renounce Religion


You were on level 3 of the Dungeon.
You worshipped Trog.
Trog was pleased with you.
You were very hungry.

You visited 1 branch of the dungeon, and saw 3 of its levels.

You collected 126 gold pieces.

Inventory:

Hand Weapons
 a - a +0 hand axe (weapon)
Missiles
 o - 15 arrows (quivered)
Armour
 b - a +0 animal skin
 f - a +0 ring mail (worn)
 l - a scarf of resistance (worn)
Jewellery
 d - a +2 ring of dexterity (left hand)
 u - a ring of ice (right hand)
Scrolls
 e - a scroll of enchant weapon {unknown}
 j - a scroll of noise {unknown}
 m - a scroll of recharging {unknown}
 p - 2 scrolls of identify {unknown}
Potions
 h - a potion of might {unknown}
 i - a potion of invisibility {unknown}
 k - a potion of heal wounds {unknown}
 r - a potion of berserk rage {unknown}
 s - a potion of curing {unknown}
Books
 n - a book of Minor Magic

   Spells                             Type                      Level
   a - Magic Dart                     Conjuration                  1
   b - Blink                          Translocation                2
   c - Call Imp                       Summoning                    2
   d - Slow                           Hexes                        2
   e - Conjure Flame                  Conjuration/Fire             3
   f - Mephitic Cloud                 Conjuration/Poison/Air       3
   Trog disapproves of the use of such an item.
Comestibles
 c - 3 bread rations
 g - 2 meat rations
 t - a fruit


   Skills:
 + Level 4.2 Fighting
 + Level 3.6 Axes
 + Level 3.5 Armour
 + Level 2.5 Dodging


You had 4 spell levels left.
You didn't know any spells.

Dungeon Overview and Level Annotations

Branches:
Dungeon (3/15)

Altars:
Nemelex Xobeh
Trog

Annotations:
D:3 Sigmund


Innate Abilities, Weirdness & Mutations

You are resistant to torment.
Your stone body is resilient. (AC +4)
You are immune to poison.
You resist negative energy. (rN+)
You are resistant to electric shocks. (rElec)
You can survive without breathing.
You are immune to petrification.
You are immune to rotting.


Message History

You hit something. Something hits you.
You hit something but do no damage.
You hear some strange, mumbled words.
Something tries to affect you, but you resist.
You hit something. Something hits you.
* * * LOW HITPOINT WARNING * * *
You closely miss something.
A red film seems to cover your vision as you go berserk!
You feel yourself moving faster!
You feel mighty!
You are feeling very hungry.
Something hits you!
* * * LOW HITPOINT WARNING * * *
You miss something. Something hits you but does no damage.
You miss something. You barely miss something. You slash something!
You hear some strange, mumbled words.
Something tries to affect you, but you resist.
You barely miss something. Something hits you!
You die...

..........)[.....#
.................#
.................#
........######..##
........# #.>#
........# ##.#
######### #.# #.#
#@# #{# #g# #w#
..# .... .....
....... .{..##..


You could see a worm and a hobgoblin.

Vanquished Creatures
  2 orc wizards (D:3)
  6 adders (D:2)
  An ooze (D:2)
  2 leopard geckos (D:2)
  2 orcs (D:3)
  3 giant cockroaches (D:2)
  6 goblins
  4 hobgoblins
  2 jackals (D:3)
  6 kobolds
  3 quokkas
  5 bats
  2 frilled lizards
  3 rats
47 creatures vanquished.

Notes
Turn   | Place    | Note
-------+----------+-------------------------------------------
     0 | D:1      | nikopol the Gargoyle Berserker began the quest for the Orb.
     0 | D:1      | Reached XP level 1. HP: 14/14 MP: 1/1
   716 | D:1      | Reached XP level 2. HP: 19/19 MP: 2/2
  1253 | D:2      | Reached XP level 3. HP: 16/23 MP: 3/3
  1648 | D:2      | Reached XP level 4. HP: 25/28 MP: 4/4
  1780 | D:2      | Found a bloodstained altar of Trog.
  1796 | D:2      | Found a sparkling altar of Nemelex Xobeh.
  1964 | D:2      | Reached ** piety under Trog
  2170 | D:2      | Reached skill level 4 in Fighting
  2417 | D:3      | Reached XP level 5. HP: 17/33 MP: 5/5
  2621 | D:3      | Noticed Sigmund
  2663 | D:3      | Slain by Sigmund

Vault maps used:
D:1:      lightli_arrival_flooded_house
D:2:      minitemple, grunt_ministairs_2, minmay_misc_feat_chi
D:3:      first_bread, uniq_sigmund

Skill      XL: |  1  2  3  4 |
---------------+-------------+-----
Axes           | 3 |  3.6
Dodging        | 2 |  2.5
Armour         | 3 |  3.5
Fighting       | 4 |  4.2

Action                   |  1- 3 |  4- 6 || total
-------------------------+-------+-------++-------
Melee: Hand axe          |   101 |   102 ||   203
Invok: Berserk           |       |     2 ||     2
  Eat: Chunk             |     2 |     4 ||     6
Armor: Ring mail         |    61 |    44 ||   105
       Animal skin       |     1 |       ||     1
Dodge: Dodged            |    56 |    43 ||    99
